 Dungeon Crawl Stone Soup version 0.28-a0-667-g162e43154e (webtiles) character file.

Game seed: 7505586027455232626

23 Lekart the Skirmisher (level 2, -1/26 HPs)
             Began as a Draconian Fighter on Oct 17, 2021.
             Was a Follower of Cheibriados.
             Slain by Terence (6 damage)
             ... on level 1 of the Dungeon.
             The game lasted 00:01:43 (1239 turns).

Lekart the Skirmisher (Draconian Fighter)           Turns: 1239, Time: 00:01:43

Health: -1/26      AC:  4    Str: 20    XL:     2   Next: 75%
Magic:  2/2        EV: 12    Int: 10    God:    Cheibriados [*.....]
Gold:   37         SH:  4    Dex: 12    Spells: 1/1 levels left

rFire   . . .      SeeInvis .   a - +0 long sword
rCold   . . .      Faith    .   b - +0 buckler
rNeg    . . .      Spirit   .   (armour unavailable)
rPois   .          Reflect  .   (helmet restricted)
rElec   .          Harm     .   (no cloak)
rCorr   .          Rampage  .   (no gloves)
Will    .....                   (no boots)
Stlth   +.........              (no amulet)
HPRegen 0.08/turn               (no ring)
MPRegen 0.08/turn               (no ring)

@: mighty, very slow
A: AC +4, unfitting armour, cold-blooded
a: Renounce Religion, Bend Time


You were on level 1 of the Dungeon.
You worshipped Cheibriados.
Cheibriados was aware of your devotion.
You visited 1 branch of the dungeon, and saw 2 of its levels.

You collected 37 gold pieces.

Inventory:

Hand Weapons
 a - a +0 long sword (weapon)
Armour
 b - a +0 buckler (worn)
Jewellery
 e - an amulet of the acrobat


   Skills:
 + Level 3.5 Fighting
 + Level 2.3 Long Blades
 + Level 3.0 Dodging
 + Level 3.3 Shields


You had one spell level left.
You didn't know any spells.
Your spell library contained the following spells:

 Spells                   Type           Power      Damage    Failure   Level
 Corpse Rot               Necr/Air       N/A        N/A       52%         2
 Poisonous Vapours        Pois/Air       0%         N/A       52%         2


Dungeon Overview and Level Annotations

Branches:
Dungeon (2/15)

Altars:
Cheibriados

Annotations:
D:1 Terence


Innate Abilities, Weirdness & Mutations

Your plain brown scales are hard. (AC +4)
You cannot fit into any form of body armour.
You are cold-blooded and may be slowed by cold attacks.


Message History

Cheibriados welcomes you!
Cheibriados begins to support your attributes as your movement slows.
You can now bend time to slow others.
Cheibriados is now slowing the effects of poison on you.
Cheibriados raises the support of your attributes as your movement slows.
Done exploring.
No target in view!
(D) Dungeon
Where to? (Enter - D:2, ? - help)
There is a stone staircase leading down here.
You climb downwards.
Level annotation: Terence Terence closely misses you.
There is a stone staircase leading up here.
Terence is nearby!
You hit Terence but do no damage.
You tail-slap Terence, but do no damage.
You block Terence's attack.
Terence says, "You're history."
Terence hits you with a +1 mace of holy wrath.
You hit Terence but do no damage. Terence closely misses you.
You closely miss Terence. Terence barely misses you.
You closely miss Terence.
Your tail-slap misses Terence.
Terence closely misses you.
You hit Terence but do no damage.
Your tail-slap misses Terence.
Terence hits you with a +1 mace of holy wrath!
Terence barely misses you.
You are too injured to fight recklessly!
You are too injured to fight recklessly!
You block Terence's attack.
You climb upwards.
There is a stone staircase leading down here.
Terence says, "Rest in peace."
Terence hits you with a +1 mace of holy wrath.
You feel very mighty all of a sudden.
Terence hits you with a +1 mace of holy wrath.
* * * LOW HITPOINT WARNING * * *
You barely miss Terence.
Terence hits you with a +1 mace of holy wrath.
You die...

####### ########.....#######
##..........#.......#########
...######.#.....@@.........†#####
#### #.#########.##..###†.....
####.# #>##....####### #....#
######.##....####### #.####
#..........####.##.8 #.#
#.####.##.####..P##. #.# #####.#
#......8..#.... ## ###.# #.....#
####.....##...# .# #...# #.#####
###.8#######


You could see Terence.

Vanquished Creatures
  A ball python (D:1)
  2 bats (D:1)
  5 endoplasms (D:1)
  A giant cockroach (D:1)
  2 goblins (D:1)
  2 jackals (D:1)
  A kobold (D:1)
  2 quokkas
  A frilled lizard (D:1)
  3 rats (D:1)
20 creatures vanquished.

Vanquished Creatures (others)
  4 fungi (D:1)
  A plant (D:1)
5 creatures vanquished.

Grand Total: 25 creatures vanquished

Notes
Turn   | Place    | Note
-------+----------+-------------------------------------------
     0 | D:1      | Lekart the Draconian Fighter began the quest for the Orb.
     0 | D:1      | Reached XP level 1. HP: 19/19 MP: 1/1
   253 | D:1      | Reached XP level 2. HP: 17/26 MP: 2/2
  1072 | D:2      | Noticed Terence
  1201 | D:1      | Found a faded altar of an unknown god.
  1206 | D:1      | Prayed at the altar of an unknown god.
  1206 | D:1      | Became a worshipper of Cheibriados the Contemplative
  1206 | D:1      | Reached * piety under Cheibriados
  1239 | D:1      | Slain by Terence

Illustrated notes

Levels and vault maps discovered:
D:1:      minmay_arrival_wavy_path, layout_loops_ring,
          shapermc_ecumenical_altar_petra
D:2:      layout_rooms, nrook_uturn, uniq_terence

Skill      XL: |  1  2 |
---------------+-------+-----
Dodging        | 3 |  3.0
Fighting       | |  3.5
Long Blades    | |  2.3
Shields        | |  3.3

Action                   || total
-------------------------++-------
Melee: Long sword        ||    55
       Tailslap          ||     4
  Use: Scroll            ||     4
       Potion            ||     2
 Stab: Sleeping          ||     1
Armor: Skin              ||    15
Dodge: Dodged            ||    41
Block: Buckler           ||    15

Table legend: (Time is in decaauts)
 A = Elapsed time spent in this place.
 B = Non-inter-level travel time spent in this place.
 C = Inter-level travel time spent in this place.
 D = Time resting spent in this place.
 E = Time spent auto-exploring this place.
 F = Levels seen in this place.
 G = Mean time per level.
                   A        B        C        D        E       F      G
               +--------+--------+--------+--------+--------+-----+--------+
         Total |   1267 |   1228 |     39 |      0 |    952 |   2 |  633.5 |
       Dungeon |   1267 |   1228 |     39 |      0 |    952 |   2 |  633.5 |
               +--------+--------+--------+--------+--------+-----+--------+

Top non-repeatable levels by time:
     D:1: 1230 daAuts
     D:2: 36 daAuts
